General information
- name: BNet
- type: Ladder team game (AT/RT)
- host: Battle.net
- saver: GayTiMe.WeRRa
map: ExcavationSite
- players: 4
- length: 12:35
- speed: Fast
- version: 1.24 W3XP
- replay type: Public
» download(68 KB)
Players
team 1 (winner)
CoLeGePaRtYeR17 (
orange | 90 APM | 1127 actions | 12:34)
3 Archmage
2 Summon Water Elemental
1 Brilliance Aura
2 Mountain King
1 Storm Bolt
1 Bash
» actions
| Assign group hotkey | 38 | |
| Basic commands | 55 | |
| Build / train | 40 | |
| ESC pressed | 1 | |
| Enter build submenu | 16 | |
| Enter hero's abilities submenu | 6 | |
| Right click | 508 | |
| Select / deselect | 248 | |
| Select group hotkey | 166 | |
| Use ability | 49 | |
1127 total
» units
| Peasant | 9 | |
| Footman | 6 | |
| Sorceress | 3 | |
| Spell Breaker | 3 | |
21 total
» upgrades
| Masonry | 2 | |
| Magic Sentry | 1 | |
| Sorceress Training | 1 | |
4 total
» buildings
| Altar of Kings | 1 | |
| Barracks | 1 | |
| Farm | 8 | |
| Scout Tower | 1 | |
| Arcane Tower | 1 | |
| Keep | 1 | |
| Lumber Mill | 1 | |
| Arcane Vault | 1 | |
| Arcane Sanctum | 2 | |
17 total
» build order
00:06 Altar of Kings
00:18 Barracks
00:34 Farm
00:48 Farm
01:58 Scout Tower
02:25 Arcane Tower
02:28 Farm
03:09 Farm
03:18 Keep
03:37 Lumber Mill
03:51 Arcane Vault
04:10 Farm
05:41 Arcane Sanctum
05:42 Arcane Sanctum
05:45 Farm
06:37 Farm
07:10 Farm
» items
| Scroll of Town Portal | 1 | |
| Potion of Healing | 2 | |
| Scroll of Regeneration | 2 | |
5 total
GayTiMe.WeRRa (
green | 116 APM | 1455 actions | 12:35)
4 Tauren Chieftain
2 War Stomp
2 Endurance Aura
2 Shadow Hunter
1 Hex
1 Healing Wave
» actions
| Assign group hotkey | 22 | |
| Basic commands | 86 | |
| Build / train | 39 | |
| ESC pressed | 1 | |
| Enter build submenu | 12 | |
| Enter hero's abilities submenu | 7 | |
| Right click | 670 | |
| Select / deselect | 321 | |
| Select group hotkey | 254 | |
| Use ability | 43 | |
1455 total
» units
| Peon | 7 | |
| Troll Headhunter/Berserker | 17 | |
24 total
» upgrades
» buildings
| Altar of Storms | 1 | |
| Orc Burrow | 6 | |
| War Mill | 1 | |
| Barracks | 1 | |
| Voodoo Lounge | 2 | |
| Stronghold | 1 | |
| Fortress | 1 | |
13 total
» build order
00:05 Altar of Storms
00:10 Orc Burrow
00:30 War Mill
01:14 Barracks
01:55 Orc Burrow
02:26 Voodoo Lounge
04:19 Stronghold
04:34 Orc Burrow
06:23 Voodoo Lounge
07:08 Orc Burrow
10:26 Fortress
10:43 Orc Burrow
11:39 Orc Burrow
» items
| Healing Salve | 1 | |
| Lesser Clarity Potion | 1 | |
| Scroll of Town Portal | 1 | |
| Potion of Healing | 1 | |
4 total
team 2 (loser)
COLIN_FILLITER (
yellow | 41 APM | 516 actions | 12:34)
2 Blademaster
1 Wind Walk
1 Critical Strike
1 Naga Sea Witch
1 Frost Arrows
» actions
| Assign group hotkey | 13 | |
| Basic commands | 32 | |
| Build / train | 36 | |
| ESC pressed | 4 | |
| Enter build submenu | 11 | |
| Enter hero's abilities submenu | 3 | |
| Remove unit from queue | 1 | |
| Right click | 146 | |
| Select / deselect | 157 | |
| Select group hotkey | 81 | |
| Use ability | 32 | |
516 total
» units
» upgrades
| Armor | 2 | |
| Melee Weapons | 1 | |
| Berserker Strength | 0 | |
| Witch Doctor Training | 1 | |
4 total
» buildings
| Altar of Storms | 1 | |
| Orc Burrow | 4 | |
| Barracks | 1 | |
| Voodoo Lounge | 1 | |
| Great Hall | 1 | |
| Stronghold | 1 | |
| War Mill | 1 | |
| Fortress | 1 | |
| Spirit Lodge | 1 | |
12 total
» build order
00:06 Altar of Storms
00:08 Orc Burrow
00:38 Barracks
01:25 Orc Burrow
01:55 Voodoo Lounge
03:38 Orc Burrow
04:29 Great Hall
05:05 Stronghold
06:07 War Mill
06:28 Orc Burrow
08:27 Fortress
09:20 Spirit Lodge
» items
| Healing Salve | 2 | |
| Lesser Clarity Potion | 1 | |
| Scroll of Town Portal | 2 | |
| Orb of Lightning | 1 | |
| Potion of Healing | 1 | |
7 total
NuclearTurtle (
purple | 70 APM | 879 actions | 12:31)
3 Far Seer
2 Feral Spirit
1 Chain Lighting
1 Tauren Chieftain
1 Shockwave
» actions
| Assign group hotkey | 24 | |
| Basic commands | 85 | |
| Build / train | 39 | |
| ESC pressed | 1 | |
| Enter build submenu | 11 | |
| Enter hero's abilities submenu | 4 | |
| Right click | 296 | |
| Select / deselect | 247 | |
| Select group hotkey | 121 | |
| Use ability | 51 | |
879 total
» units
| Peon | 7 | |
| Grunt | 6 | |
| Spirit Walker | 5 | |
| Tauren | 1 | |
19 total
» upgrades
| Berserker Strength | 1 | |
| Spirit Walker Training | 2 | |
| Armor | 1 | |
4 total
» buildings
| Altar of Storms | 1 | |
| Orc Burrow | 5 | |
| Barracks | 1 | |
| Voodoo Lounge | 1 | |
| Stronghold | 1 | |
| Spirit Lodge | 1 | |
| War Mill | 1 | |
| Fortress | 1 | |
| Tauren Totem | 1 | |
13 total
» build order
00:09 Altar of Storms
00:14 Orc Burrow
00:54 Barracks
01:39 Orc Burrow
01:51 Voodoo Lounge
03:00 Stronghold
03:24 Orc Burrow
06:23 Spirit Lodge
07:06 War Mill
07:09 Orc Burrow
07:43 Fortress
10:35 Tauren Totem
10:59 Orc Burrow
» items
| Healing Salve | 2 | |
| Scroll of Speed | 1 | |
| Scroll of Town Portal | 2 | |
| Lesser Clarity Potion | 1 | |
| Potion of Healing | 1 | |
| Orb of Lightning | 1 | |
8 total
Chat log
(00:20 / All) COLIN_FILLITER: omg u really party in college?
(00:22 / All) COLIN_FILLITER: ur my idol
(00:26 / All) CoLeGePaRtYeR17: i fux chix
(00:30 / All) COLIN_FILLITER: wow!
(00:32 / All) COLIN_FILLITER: how amny?
(00:34 / All) COLIN_FILLITER: many
(00:36 / All) CoLeGePaRtYeR17: 17
(00:42 / All) COLIN_FILLITER: zomg
(00:44 / All) NuclearTurtle: wow
(00:46 / All) COLIN_FILLITER: pimp
(00:52 / All) NuclearTurtle: hope you wore protection
(00:56 / All) COLIN_FILLITER: ever done a black one?
(00:57 / All) CoLeGePaRtYeR17: i spread my seed
(01:00 / All) GayTiMe.WeRRa: niggers sux
(03:02 / All) GayTiMe.WeRRa: Dog is chewing on my internet cablez
(03:03 / All) GayTiMe.WeRRa: uh oh
(12:28 / All) COLIN_FILLITER: gg